 Dungeon Crawl Stone Soup version 0.19-a0-48-g9fa930a (webtiles) character file.

7462 Kenran the Cruncher (level 11, -18/72 HPs)
             Began as a Gargoyle Gladiator on May 6, 2016.
             Was an Elder of Trog.
             Demolished by Maud
             ... wielding a +4 glaive of venom
              (22 damage)
             ... on level 10 of the Dungeon.
             The game lasted 00:33:00 (11580 turns).

Kenran the Cruncher (Gargoyle Gladiator)           Turns: 11580, Time: 00:33:01

Health: -18/72     AC: 26    Str: 20    XL:     11   Next: 15%
Magic:  11/11      EV: 10    Int: 10    God:    Trog [****..]
Gold:   700        SH:  0    Dex: 11    Spells: 0 memorised, 10 levels left

rFire  . . .     SeeInvis .     a - +1 quarterstaff
rCold  . . .     Gourm    .     D - +0 plate armour
rNeg   + . .     Faith    .     (shield currently unavailable)
rPois  ∞         Spirit   .     i - +1 helmet
rElec  +         Dismiss  .     g - +0 cloak
rCorr  +         Reflect  .     (no gloves)
SustAt .         Harm     .     I - +0 pair of boots
MR     .....                    (no amulet)
Stlth  ..........               t - ring of resist corrosion
                                e - +3 ring of evasion

@: exhausted, slowed, very slow, not resistant to hostile enchantments,
extremely unstealthy
A: negative energy resistance 1, electricity resistance, unbreathing,
petrification resistance, rot immunity, AC +7
a: Berserk, Trog's Hand, Brothers in Arms, Burn Spellbooks, Renounce Religion


You were on level 10 of the Dungeon.
You worshipped Trog.
Trog was greatly pleased with you.
You were very hungry.

You visited 1 branch of the dungeon, and saw 10 of its levels.

You collected 700 gold pieces.

Inventory:

Hand Weapons
 a - a +1 quarterstaff (weapon)
Armour
 g - a +0 cloak (worn)
 i - a +1 helmet (worn)
 D - a +0 plate armour (worn)
 I - a +0 pair of boots (worn)
Jewellery
 e - a +3 ring of evasion (left hand)
 t - a ring of resist corrosion (right hand)
Wands
 r - a wand of teleportation (5/9)
 y - a wand of slowing (20/48)
Scrolls
 c - 2 scrolls of enchant armour
 k - 3 scrolls of teleportation
 n - 4 scrolls of identify
 q - 4 scrolls of fear
 u - 3 scrolls of blinking
 w - 2 scrolls of remove curse
 A - 3 scrolls of magic mapping
Potions
 d - 2 potions of mutation {unknown}
 h - a potion of flight {unknown}
 j - a potion of agility
 l - a potion of brilliance {unknown}
 m - 2 potions of curing
 o - a potion of might {unknown}
 p - 2 potions of magic
 s - a potion of ambrosia {unknown}
 v - a potion of haste {unknown}
 x - a potion of lignification {unknown}
Comestibles
 b - a meat ration
 f - 5 bread rations
 B - 4 fruits
 C - 2 chunks of flesh
 G - a beef jerky


   Skills:
 - Level 10.1 Fighting
 + Level 12.2 Staves
 - Level 1.7 Throwing
 - Level 8.3 Armour
 - Level 2.4 Dodging


You had 10 spell levels left.
You didn't know any spells.

Dungeon Overview and Level Annotations

Branches:
Dungeon (10/15)            Temple (0/1) D:6             Orc (0/2) D:9
   Lair: D:8-11

Altars:
Cheibriados
Dithmenos
Fedhas
Nemelex Xobeh
Pakellas
Qazlal
Sif Muna
Trog
Zin
The Shining One

Annotations:
D:10 Maud


Innate Abilities, Weirdness & Mutations

You are resistant to torment.
Your stone body is resilient (AC +7).
You are immune to poison.
You resist negative energy.
You are resistant to electric shocks.
You can survive without breathing.
You are immune to petrification.
You are immune to rotting.


Message History

Maud is almost dead.
Maud screams, "Die, you thief!" Maud hits you with a glaive of venom.
You barely miss Maud.
Maud is almost dead.
Maud hits you but does no damage.
You hit Maud.
Maud is almost dead.
Maud hits you but does no damage.
You closely miss Maud.
Maud is almost dead.
You closely miss Maud.
Maud is almost dead.
Maud hits you with a glaive of venom!!
* * * LOW HITPOINT WARNING * * *
Maud hits you from afar with a glaive of venom.
* * * LOW HITPOINT WARNING * * *
Maud asks, "Will you think of me as you die?"
Maud hits you from afar with a glaive of venom!!
You die...

###########
#.........#
#.........#
#.........#
#.........#
#...@.....####.#
#####..........#
#.@........#
##.#....(...##.
#..#...........
######.##.........#
#.................#
#..####.##.........###
#..............#
#..#............
#...>....)..##.......


You could see Maud.

Vanquished Creatures
  Erica (D:8)
  Joseph (D:8)
  A two-headed ogre (D:8)
  A wyvern (D:9)
  Grum (D:10)
  2 hippogriffs
  2 hungry ghosts (D:9)
  A steam dragon (D:10)
  A warg (D:8)
  A water moccasin (D:8)
  A sky beast (D:9)
  4 ice beasts
  5 orc warriors
  A black bear (D:7)
  A phantom (D:3)
  4 wolves
  8 ogres
  4 centaurs
  A crocodile (D:7)
  Blork the orc (D:5)
  3 big kobolds
  5 giant frogs
  A gnoll sergeant (D:6)
  3 scorpions
  A wight (D:4)
  3 howler monkeys (D:7)
  A wasp zombie (D:6)
  3 crimson imps
  A giant frog zombie (D:10)
  A quasit (D:5)
  A centaur zombie (D:9)
  4 hounds
  2 jellies
  A gnoll shaman (D:6)
  10 orc wizards
  8 orc priests
  2 giant frog skeletons
  2 iguanas
  3 worker ants
  2 hound skeletons
  2 worker ant zombies
  15 gnolls (D:6)
  A howler monkey skeleton (D:8)
  8 adders
  A shadow imp (D:5)
  4 oozes
  An adder zombie (D:9)
  An adder skeleton (D:9)
  2 worms
  7 dart slugs
  8 giant geckos
  65 orcs
  5 bats
  4 giant cockroaches
  12 goblins
  16 hobgoblins
  6 quokkas
  3 giant newts
  A jackal skeleton (D:5)
  17 kobolds
  5 rats
  A plant (D:6)
284 creatures vanquished.

Vanquished Creatures (others)
  A plant (D:6)
1 creature vanquished.

Grand Total: 285 creatures vanquished

Notes
Turn   | Place    | Note
--------------------------------------------------------------
     0 | D:1      | Kenran the Gargoyle Gladiator began the quest for the Orb.
     0 | D:1      | Reached XP level 1. HP: 12/12 MP: 1/1
   225 | D:1      | Reached XP level 2. HP: 17/17 MP: 2/2
   519 | D:1      | Reached skill level 4 in Staves
   574 | D:1      | Reached XP level 3. HP: 17/21 MP: 3/3
  1335 | D:2      | Reached XP level 4. HP: 26/26 MP: 4/4
  1513 | D:2      | Reached skill level 5 in Staves
  2180 | D:2      | Reached XP level 5. HP: 30/30 MP: 5/5
  2346 | D:3      | Reached skill level 6 in Staves
  2891 | D:3      | Found a blossoming altar of Fedhas.
  3479 | D:4      | Found a shadowy altar of Dithmenos.
  3481 | D:4      | Found a deep blue altar of Sif Muna.
  3487 | D:4      | Reached XP level 6. HP: 35/35 MP: 6/6
  3493 | D:4      | Found a glowing silver altar of Zin.
  3494 | D:4      | Found a stormy altar of Qazlal.
  3495 | D:4      | Found a glowing golden altar of the Shining One.
  3496 | D:4      | Found a snail-covered altar of Cheibriados.
  3497 | D:4      | Found a bloodstained altar of Trog.
  3503 | D:4      | Became a worshipper of Trog the Wrathful
  3824 | D:4      | Noticed a phantom
  3852 | D:3      | Killed a phantom
  3852 | D:3      | Reached skill level 7 in Staves
  4074 | D:5      | Entered Level 5 of the Dungeon
  4209 | D:5      | Reached XP level 7. HP: 34/40 MP: 7/7
  4306 | D:5      | Reached skill level 8 in Staves
  5140 | D:5      | Reached skill level 9 in Staves
  5322 | D:5      | Noticed Blork the orc
  5358 | D:5      | Killed Blork the orc
  5358 | D:5      | Reached * piety under Trog
  5358 | D:5      | Reached XP level 8. HP: 31/46 MP: 8/8
  5504 | D:5      | Found a sparkling altar of Nemelex Xobeh.
  5696 | D:6      | Found a stormy altar of Qazlal.
  6029 | D:6      | Reached skill level 5 in Fighting
  7089 | D:6      | Reached ** piety under Trog
  7152 | D:6      | Reached XP level 9. HP: 47/59 MP: 9/9
  7289 | D:6      | Found a staircase to the Ecumenical Temple.
  7962 | D:7      | Reached skill level 10 in Fighting
  7987 | D:7      | Got a scorched golden amulet
  8071 | D:7      | Reached skill level 1 in Armour
  8152 | D:7      | Reached *** piety under Trog
  8456 | D:7      | Identified the amulet of Optimism {Harm *Drain +Blink +Fly Int+4} (You found it on level 7 of the Dungeon)
  8496 | D:7      | Reached skill level 5 in Armour
  8600 | D:8      | Noticed Erica
  8877 | D:8      | Killed Erica
  8877 | D:8      | Reached XP level 10. HP: 63/68 MP: 10/10
  9364 | D:8      | Noticed Joseph
  9406 | D:8      | Killed Joseph
  9406 | D:8      | Reached skill level 10 in Staves
  9474 | D:8      | Reached **** piety under Trog
  9483 | D:8      | Found an oddly glowing altar of Pakellas.
 10456 | D:9      | Reached skill level 11 in Staves
 10714 | D:9      | Found a staircase to the Orcish Mines.
 10997 | D:9      | Reached XP level 11. HP: 64/72 MP: 11/11
 11172 | D:10     | Entered Level 10 of the Dungeon
 11175 | D:10     | Noticed Grum
 11231 | D:10     | Killed Grum
 11234 | D:10     | Reached skill level 12 in Staves
 11549 | D:10     | Noticed Maud
 11571 | D:10     | HP: 1/72 [Maud/glaive of venom (19)]
 11580 | D:10     | Demolished by Maud

Vault maps used:
D:1:      minmay_arrival_doors, minmay_misc_feat_chi, minivault_4,
          minmay_misc_feat_plants
D:2:      first_bread
D:3:      lemuel_crystal_altar
D:4:      minitemple
D:5:      minmay_liquid_box, minmay_misc_feat_more_columns,
          nemelex_dance_club_becter, uniq_blork_the_orc
D:6:      kennysheep_housing_project, temple_green, lemuel_tele_altar
D:7:      hex_medium
D:8:      kennysheep_mini_moat, uniq_erica, uniq_joseph
D:9:      david_orc_3
D:10:     uniq_grum, uniq_maud, uniq_harold

Skill      XL: |  1  2  3  4  5  6  7  8  9 10 11 |
---------------+----------------------------------+-----
Staves         | 4 5 6 7 9 11 12 | 12.2
Fighting       | 3 7 10 | 10.1
Armour         | 7 8 |  8.3
Throwing       | |  1.7
Dodging        | |  2.4

Action                   |  1- 3 |  4- 6 |  7- 9 | 10-12 || total
-------------------------+-------+-------+-------+-------++-------
Melee: Quarterstaff      |   133 |   190 |   544 |   430 ||  1297
Invok: Berserk           |       |       |     6 |     6 ||    12
  Use: Scroll            |     1 |     8 |     8 |     2 ||    19
       Potion            |       |       |     1 |     1 ||     2
  Eat: Chunk             |     1 |     8 |    21 |    16 ||    46
       Fruit             |       |       |     2 |       ||     2
       Meat ration       |       |       |       |     1 ||     1
Armor: Leather armour    |     9 |       |       |       ||     9
       Ring mail         |    42 |    51 |       |       ||    93
       Chain mail        |       |    28 |    89 |       ||   117
       Plate armour      |       |       |   236 |   223 ||   459
Dodge: Dodged            |    88 |    99 |   260 |   160 ||   607
